 Dungeon Crawl Stone Soup version 0.29.1-15-g9cfb28693d (webtiles) character file.

Game seed: 11964575458684028398

32007 devnull the Impaler (level 13, 0/103 HPs)
             Began as a Merfolk Gladiator on Mar 23, 2023.
             Was a High Priest of Zin.
             Killed from afar by an electric eel (8 damage)
             ... with a bolt of electricity
             ... on level 3 of the Lair of Beasts on Mar 24, 2023.
             The game lasted 00:57:29 (23694 turns).

devnull the Impaler (Merfolk Gladiator)            Turns: 23694, Time: 00:57:30

Health: 0/103      AC: 13    Str: 19    XL:     13   Next: 61%
Magic:  24/24      EV: 36    Int:  7    God:    Zin [*****.]
Gold:   804        SH:  0    Dex: 20    Spells: 12/12 levels left

rFire   + . .      SeeInvis .   a - +1 halberd "Fuic" {speed, Dex+4}
rCold   . . .      Faith    .   (shield currently unavailable)
rNeg    . . .      Spirit   .   t - +2 leather armour {rF+}
rPois   .          Reflect  .   c - +0 helmet
rElec   .          Harm     .   H - +0 cloak
rCorr   .          Rampage  .   K - +0 pair of gloves
Will    +....                   L - +0 pair of boots
Stlth   +++.......              i - amulet of the acrobat
HPRegen 0.27/turn               y - ring of willpower
MPRegen 0.19/turn               I - +4 ring of protection

@: acrobatic
A: (nimble swimmer 2), mertail
a: Renounce Religion, Recite, Vitalisation, Imprison, Sanctuary, Donate Gold


You were on level 3 of the Lair of Beasts.
You worshipped Zin.
Zin was extremely pleased with you.
You visited 3 branches of the dungeon, and saw 17 of its levels.

You collected 1011 gold pieces.
You spent 106 gold pieces at shops.
You donated 101 gold pieces to Zin.

Inventory:

Hand Weapons
 a - the +1 halberd "Fuic" (weapon) {speed, Dex+4}
   (You acquired it on level 3 of the Dungeon)

   Attacks with this weapon are significantly faster.
   Dex:       It affects your dexterity (+4).
 b - the +8 short sword of Agony {protect, rElec Will+ SInv}
   (You found it on level 3 of the Dungeon)

   It grants its wielder temporary protection when it strikes (+7 to AC).
   rElec:     It insulates you from electricity.
   SInv:      It lets you see invisible.
   Will:      It increases your willpower.
Missiles
 d - 2 throwing nets
 e - 12 javelins
 s - 25 poisoned darts (quivered)
 J - 2 datura-tipped darts
Armour
 c - a +0 helmet (worn)
 t - a +2 leather armour of fire resistance (worn)
 H - a +0 cloak (worn)
 K - a +0 pair of gloves (worn)
 L - a +0 pair of boots (worn)
Jewellery
 i - an amulet of the acrobat (around neck)
 y - a ring of willpower (left hand)
 I - a +4 ring of protection (right hand)
Wands
 h - a wand of acid (4)
 r - a wand of paralysis (13)
 B - a wand of roots (1)
Scrolls
 g - a scroll of summoning
 k - 2 scrolls of brand weapon
 l - 5 scrolls of amnesia
 m - 2 scrolls of fog
 o - 3 scrolls of enchant armour
 p - 3 scrolls of blinking
 q - 4 scrolls of enchant weapon
 u - 5 scrolls of teleportation
 v - 3 scrolls of magic mapping
 w - a scroll of immolation
 D - 3 scrolls of vulnerability
 E - 2 scrolls of identify
Potions
 f - 10 potions of curing
 j - 5 potions of haste
 n - 3 potions of might
 x - 3 potions of resistance
 z - 3 potions of attraction
 A - 4 potions of heal wounds
 C - 2 potions of flight
 F - a potion of cancellation
 G - a potion of brilliance
 M - a potion of mutation
 N - a potion of magic {unknown}


   Skills:
 - Level 10.0 Fighting
 - Level 16.0 Polearms
 - Level 2.0 Throwing
 + Level 13.4 Dodging
 - Level 5.0 Stealth
 - Level 15.0 Invocations


You had 12 spell levels left.
You didn't know any spells.
Your spell library contained the following spells:

 Spells                   Type           Power      Damage    Failure   Level
 Apportation              Tloc           0%         N/A       50%         1
 Necrotise                Necr           0%         1d4       50%         1
 Summon Small Mammal      Summ           0%         N/A       50%         1
 Static Discharge         Conj/Air       0%         3-3/arc   63%         2
 Dazzling Flash           Conj/Hex       0%         N/A       86%         3
 Airstrike                Air            0%         2d(0-16)  99%         4
 Anguish                  Hex/Necr       0%         N/A       99%         4
 Dispel Undead            Necr           0%         3d6       99%         4
 Iskenderun's Mystic Bla  Conj/Tloc      0%         2d3       99%         4
 Passage of Golubria      Tloc           0%         N/A       99%         4
 Sticky Flame             Conj/Fire      0%         2d3       99%         4
 Summon Lightning Spire   Summ/Air       0%         N/A       99%         4
 Lightning Bolt           Conj/Air       0%         1d11      100%        5
 Silence                  Hex/Air        0%         N/A       100%        5
 Starburst                Conj/Fire      0%         6d3       100%        6
 Enfeeble                 Hex            0%         N/A       100%        7
 Lehudib's Crystal Spear  Conj/Erth      0%         10d2      100%        8


Dungeon Overview and Level Annotations

Branches:
Dungeon (13/15)            Temple (1/1) D:6            Lair (3/5) D:10
  Swamp (0/4) Lair:3       Spider (0/4) Lair:3          Orc (0/2) D:9
 Vaults: D:13-14

Altars:
Elyvilon
Fedhas
Ru
Trog
Uskayaw
Vehumet
Zin

Shops:
D:3 (   D:5 *   D:7 !   D:12 =

Portals:
Trove: D:10 (give +3 storm dragon scales)

Annotations:
D:6 store
D:8 exclusion: door
D:13 exclusion: hydra


Innate Abilities, Weirdness & Mutations

((You are very nimble when in or above water. (Stealth+, EV+, Speed+++)))
Your lower body shifts to a powerful aquatic tail in water.


Message History

The electric eel shoots out a bolt of lightning at you!
The bolt of electricity misses you.
The electric eel shoots out a bolt of lightning at you!
The bolt of electricity hits you.
The electric eel shoots out a bolt of lightning at you!
The bolt of electricity hits you!
The electric eel shoots out a bolt of lightning at you!
The bolt of electricity hits the electric eel.
The electric eel completely resists.
The bolt of electricity hits you.
The electric eel shoots out a bolt of lightning at you!
The bolt of electricity hits you. The bolt of electricity misses you.
The electric eel shoots out a bolt of lightning at you!
The bolt of electricity hits the electric eel.
The electric eel completely resists.
The bolt of electricity hits you!
The electric eel shoots out a bolt of lightning at you!
The bolt of electricity hits you.
The basilisk hisses angrily.
You reach to attack!
You barely miss the electric eel.
You reach to attack!
You barely miss the electric eel.
The electric eel shoots out a bolt of lightning at you!
The bolt of electricity hits you!
The electric eel shoots out a bolt of lightning at you!
The bolt of electricity misses you.
The electric eel shoots out a bolt of lightning at you!
The bolt of electricity hits you!
You are too injured to fight recklessly!
You are too injured to fight recklessly!
You are too injured to fight recklessly!
You are too injured to fight recklessly!
The electric eel shoots out a bolt of lightning at you!
The bolt of electricity misses you. The bolt of electricity hits you!
The electric eel shoots out a bolt of lightning at you!
The bolt of electricity hits you!
* * * LOW HITPOINT WARNING * * *
The electric eel shoots out a bolt of lightning at you!
The bolt of electricity misses you. The bolt of electricity hits you!
* * * LOW HITPOINT WARNING * * *
The electric eel shoots out a bolt of lightning at you!
The bolt of electricity hits you!
You die...

#.# #####.##.# ##.##
###..##'#.## #P..#
#..........# # #..#
##..........# ######..###
#...........# ..~~~.~~~.#
####..........#
~~.~~.~~.~#####.##..........#
.~~.~.~.~~.....##...........#
P~~~...~~~..##..@+..........#
~....>....~######...........#
#~~~...~lh## #.........##.#
.~~.~.~.~~~# #..§.§......# #
.~.~~.~~F~~#....§SSS.§§....
..†~~.~~~.......~S§§§§§....
#............#..~§§§§§.§...
................~§§§l.§§...
....>............§§§§§§§..


You could see a basilisk and 4 electric eels.

Vanquished Creatures
  Rupert (D:12)
  Snorg (D:12)
  A vault guard (D:13)
  A boulder beetle (D:13)
  A centaur warrior (D:13)
  6 two-headed ogres
  A tengu warrior (D:13)
  A wizard (D:13)
  A necromancer (D:13)
  6 deep elf pyromancers
  3 cyclopes
  A manticore (D:12)
  4 black mambas
  Joseph (D:8)
  7 cane toads
  2 gargoyles
  A rime drake (Lair:1)
  An unseen horror (D:12)
  3 komodo dragons
  3 trolls
  Prince Ribbit (D:6)
  2 hornets
  A jumping spider (Lair:3)
  Sigmund (D:2)
  2 shadows
  2 wraiths
  10 yaks
  3 wyverns
  The ghost of nroviw the Chopper, an amateur MiFi of Okawaru (D:3)
  2 water elementals (D:12)
  15 humans (D:13)
  5 vampire mosquitoes
  2 redbacks (Lair:3)
  Menkaure (D:6)
  Edmund (D:6)
  The ghost of javelincjr the Conjurer, an amateur DECj (D:4)
  5 water moccasins
  7 orc warriors
  A sky beast (D:7)
  2 black bears
  2 ice beasts
  3 ogres
  9 centaurs
  A phantom (D:5)
  A gnoll sergeant (D:7)
  10 bullfrogs
  2 necrophages
  2 scorpions
  A wyvern skeleton (D:3)
  8 wights
  8 killer bees (D:10)
  A water moccasin skeleton (D:3)
  3 howler monkeys (D:11)
  4 electric eels
  A bullfrog zombie (D:3)
  A hound (D:5)
  A jelly (D:6)
  3 gnoll boudas
  10 orc priests
  Natasha (thrice) (D:3)
  6 iguanas
  6 orc wizards
  Ijyb (D:3)
  9 adders
  18 gnolls
  A howler monkey skeleton (D:3)
  2 white imps
  An ufetubus (D:4)
  A worm (D:2)
  A dart slug (D:4)
  43 orcs
  7 endoplasms
  7 giant cockroaches
  9 goblins
  8 hobgoblins
  7 jackals
  3 kobolds (D:1)
  4 quokkas (D:2)
  12 ball pythons
  5 bats
  3 frilled lizards
  3 rats
342 creatures vanquished.

Vanquished Creatures (others)
  6 fungi
  7 plants
13 creatures vanquished.

Grand Total: 355 creatures vanquished

Notes
Turn   | Place    | Note
-------+----------+-------------------------------------------
     0 | D:1      | devnull the Merfolk Gladiator began the quest for the Orb.
     0 | D:1      | Reached XP level 1. HP: 16/16 MP: 1/1
   349 | D:1      | Reached XP level 2. HP: 18/22 MP: 2/2
   428 | D:1      | Reached skill level 5 in Polearms
   673 | D:1      | Found a faded altar of an unknown god.
  1080 | D:2      | Found a glowing silver altar of Zin.
  1089 | D:2      | Became a worshipper of Zin the Law-Giver
  1107 | D:2      | Reached XP level 3. HP: 21/27 MP: 3/3
  1709 | D:2      | Reached skill level 6 in Polearms
  1780 | D:2      | Reached XP level 4. HP: 33/33 MP: 4/4
  1980 | D:3      | Noticed Natasha
  1987 | D:3      | Killed Natasha
  1989 | D:3      | Noticed Sigmund
  2007 | D:3      | Reached skill level 7 in Polearms
  2025 | D:3      | Identified a scroll of acquirement
  2025 | D:3      | Acquired the +1 halberd "Fuic" {speed, Dex+4}
  2370 | D:2      | Killed Sigmund
  2371 | D:2      | Reached skill level 9 in Polearms
  2371 | D:2      | Reached XP level 5. HP: 7/38 MP: 5/5
  2371 | D:2      | Reached XP level 6. HP: 8/44 MP: 6/6
  2724 | D:3      | Zin protects you from harm!
  2991 | D:3      | Noticed Natasha
  3013 | D:3      | Found Wytogusk's Weapon Boutique.
  3147 | D:3      | Found a transporter.
  3150 | D:3      | Noticed nroviw's ghost (amateur MiFi)
  3151 | D:3      | Found a transporter.
  3188 | D:3      | Killed Natasha
  3189 | D:3      | Reached skill level 10 in Polearms
  3292 | D:3      | Noticed Natasha
  3297 | D:3      | Killed Natasha
  3298 | D:3      | Reached XP level 7. HP: 46/50 MP: 7/7
  3412 | D:3      | Noticed Ijyb
  3417 | D:3      | Paralysed by Ijyb for 2 turns
  3432 | D:3      | Paralysed by Ijyb for 5 turns
  3441 | D:3      | Killed Ijyb
  3885 | D:4      | Found a runed translucent door.
  3887 | D:4      | Noticed javelincjr's ghost (amateur DECj)
  3986 | D:4      | Reached skill level 11 in Polearms
  4175 | D:4      | Found a radiant altar of Vehumet.
  4179 | D:4      | Reached * piety under Zin
  4409 | D:4      | Killed javelincjr's ghost
  4472 | D:5      | Entered Level 5 of the Dungeon
  4519 | D:5      | Reached skill level 12 in Polearms
  4519 | D:5      | Reached XP level 8. HP: 46/56 MP: 8/8
  4717 | D:5      | Reached skill level 13 in Polearms
  4880 | D:5      | Reached ** piety under Zin
  4915 | D:5      | Reached skill level 14 in Polearms
  5058 | D:5      | Found Cuovo's General Store.
  5404 | D:5      | Reached XP level 9. HP: 59/61 MP: 9/9
  5585 | D:5      | Reached skill level 15 in Polearms
  6492 | D:6      | Noticed Edmund
  6501 | D:6      | Killed Edmund
  6502 | D:6      | Reached skill level 16 in Polearms
  6551 | D:6      | Reached skill level 5 in Dodging
  6571 | D:6      | Found a staircase to the Ecumenical Temple.
  6585 | D:6      | Noticed Menkaure
  6599 | Temple   | Entered the Ecumenical Temple
  6813 | D:6      | Killed Menkaure
  6846 | D:6      | Noticed Prince Ribbit
  6861 | D:6      | Killed Prince Ribbit
  7230 | D:5      | Bought a potion of attraction for 36 gold pieces
  7343 | D:7      | Reached *** piety under Zin
  7363 | D:7      | Found Hemoshil's Distillery.
  7677 | D:7      | Reached XP level 10. HP: 38/73 MP: 10/10
  8000 | D:7      | Reached skill level 5 in Fighting
  8029 | D:7      | Reached skill level 1 in Invocations
  8364 | D:7      | Bought a potion of heal wounds for 70 gold pieces
  8388 | D:8      | Noticed Joseph
  8829 | D:8      | Found a bloodstained altar of Trog.
  8855 | D:8      | Noticed a gargoyle
  9278 | D:8      | Reached skill level 5 in Invocations
 10565 | D:8      | Killed Joseph
 10658 | D:8      | Killed a gargoyle
 11096 | D:3      | Killed nroviw's ghost
 11160 | D:3      | Identified the +8 short sword of Agony {protect, rElec
                  | Will+ SInv}
 11323 | D:9      | Noticed a cyclops
 11335 | D:9      | Killed a cyclops
 11337 | D:9      | Noticed a two-headed ogre
 11352 | D:9      | Killed a two-headed ogre
 11353 | D:9      | Reached XP level 11. HP: 81/81 MP: 14/17
 11512 | D:9      | Found a sacrificial altar of Ru.
 11583 | D:9      | Noticed a two-headed ogre
 11615 | D:9      | Killed a two-headed ogre
 11616 | D:9      | Reached skill level 10 in Invocations
 11683 | D:9      | Found a staircase to the Orcish Mines.
 12579 | D:10     | Entered Level 10 of the Dungeon
 12617 | D:10     | Reached skill level 10 in Dodging
 12754 | D:10     | Found a staircase to the Lair.
 13180 | D:10     | Reached **** piety under Zin
 13223 | D:10     | Noticed a two-headed ogre
 13234 | D:10     | Killed a two-headed ogre
 13807 | D:10     | Found a portal to a secret trove of treasure.
 14144 | D:11     | Noticed a two-headed ogre
 14163 | D:11     | Killed a two-headed ogre
 14516 | D:11     | Noticed a two-headed ogre
 14530 | D:11     | Killed a two-headed ogre
 14724 | D:11     | Reached XP level 12. HP: 61/94 MP: 19/19
 15048 | D:11     | Paralysed by a hornet for 1 turns
 15234 | D:11     | Noticed a two-headed ogre
 15939 | D:11     | Killed a two-headed ogre
 17201 | D:12     | Noticed Snorg
 17270 | D:12     | Killed Snorg
 17271 | D:12     | Reached skill level 10 in Fighting
 17966 | D:12     | Noticed Rupert
 17978 | D:12     | Paralysed by Rupert for 2 turns
 17996 | D:12     | Killed Rupert
 18225 | D:12     | Reached ***** piety under Zin
 18315 | D:12     | Found Vamisat's Jewellery Shop.
 18546 | D:13     | Noticed a tengu warrior
 18696 | D:13     | Noticed a centaur warrior
 18707 | D:13     | Killed a centaur warrior
 18846 | D:13     | Noticed a five-headed hydra
 18898 | D:13     | Noticed a boulder beetle
 18919 | D:13     | Killed a boulder beetle
 19285 | D:13     | Reached XP level 13. HP: 95/103 MP: 23/23
 19374 | D:13     | Noticed a vault guard
 19900 | D:13     | Killed a vault guard
 20036 | D:13     | Reached skill level 15 in Invocations
 20036 | D:13     | Reached skill level 1 in Stealth
 20423 | Lair:1   | Entered Level 1 of the Lair of Beasts
 20433 | Lair:1   | Identified the +4 leather armour of Ruowkep {rC- Str+4}
 21669 | Lair:2   | Reached skill level 5 in Stealth
 23167 | Lair:3   | Found a hole to the Spider Nest.
 23343 | Lair:3   | Found a staircase to the Swamp.
 23694 | Lair:3   | Killed from afar by an electric eel

Illustrated notes

Levels and vault maps discovered:
D:1:      sevenhm_arrival_forest_fort_large_2, layout_rooms,
          shapermc_ecumenical_altar_mp_vishouse
D:2:      layout_loops_ring, basic_altar
D:3:      layout_rooms, serial_shops, shop_fountains, gammafunk_ghost_mausoleum,
          uniq_natasha, uniq_sigmund, uniq_ijyb
D:4:      layout_loops_ring, nicolae_vehumet_radiance, ebering_ghost_sewer_d
D:5:      minmay_recursive_quarters, layout_loops_cross, serial_shops,
          nicolae_take_the_stairs
D:6:      layout_cave_pools, minmay_temple_entry_sparse_star,
          serial_park_tiny_pond, uniq_prince_ribbit1, uniq_edmund, uniq_menkaure
D:7:      layout_loops_ring, serial_shops, shop, minmay_misc_feat_more_columns
D:8:      cheibrodos_two_vegetables, layout_basic,
          mainiacjoe_overflow_surrounded_room, uniq_joseph
D:9:      layout_cross, old_standard_altar, orc_0_dummy
D:10:     layout_long_grid, david_lair_shrubbed, nicolae_trove_entry_columns
D:11:     layout_stronghold
D:12:     layout_basic, serial_shops, nicolae_shop_window_shopping,
          hex_intersection, water_boxes_lemuel, uniq_snorg, uniq_rupert
D:13:     layout_roguey, grunt_vaults_entry_tiered, grunt_ministairs_15
Temple:   hellmonk_temple_of_storms
Lair:1:   layout_roguey, grunt_megastairs_3
Lair:2:   layout_misc_corridors
Lair:3:   layout_roguey, minmay_swamp_entry_eels, spider_nest_entry_a,
          serial_bayou_shore_a, lemuel_fruit_fields, grunt_megastairs_5

Skill      XL: |  1  2  3  4  5  6  7  8  9 10 11 12 13 |
---------------+----------------------------------------+-----
Polearms       | 5 6 9 10 12 14 16 | 16.0
Dodging        | 8 12 13 | 13.4
Fighting       | 4 6 8 10 | 10.0
Invocations    | 9 10 13 15 | 15.0
Stealth        | 5 |  5.0
Throwing       | |  2.0

Action                   |  1- 3 |  4- 6 |  7- 9 | 10-12 | 13-15 || total
-------------------------+-------+-------+-------+-------+-------++-------
Melee: Trident           |   137 |    19 |       |       |       ||   156
       Punch             |     1 |       |       |       |       ||     1
       Halberd           |       |   104 |   369 |   640 |   293 ||  1406
       Short sword       |       |       |       |    17 |       ||    17
       Tailslap          |       |       |       |     1 |       ||     1
Throw: Throwing net      |       |     5 |     1 |     4 |     4 ||    14
       Dart              |       |       |    16 |    64 |       ||    80
       Javelin           |       |       |       |    10 |       ||    10
Invok: Vitalisation      |       |       |     2 |     7 |     7 ||    16
       Recite            |       |       |     1 |    14 |     3 ||    18
       Imprison          |       |       |       |       |     1 ||     1
Evoke: Wand              |       |       |       |     6 |     4 ||    10
  Use: Scroll            |       |    12 |     5 |     6 |     2 ||    25
 Stab: Sleeping          |     3 |     2 |     1 |     5 |     7 ||    18
       Distracted        |     1 |       |       |       |     1 ||     2
       Held in net/web   |       |     1 |       |     6 |     3 ||    10
       Confused          |       |       |       |       |     1 ||     1
Armor: Leather armour    |    27 |     6 |    23 |    47 |    34 ||   137
       Robe              |       |    16 |     4 |       |       ||    20
Dodge: Dodged            |    60 |    46 |    95 |   326 |   196 ||   723
